[Event "ICC tourney 2905 (40 10)"]
[Site "Internet Chess Club"]
[Date "2022.05.07"]
[Round "1"]
[White "Doan Giang, Nguyen Doan:Doctorstrange04"]
[Black "PUGH, RICHARD:rpughiii"]
[Result "1-0"]
[ICCResult "Black resigns"]
[WhiteElo "1710"]
[BlackElo "1401"]
[Opening "Pirc defense"]
[ECO "B07"]
[NIC "PU.08"]
[Time "11:00:42"]
[PlyCount "43"]
[TimeControl "2400+10"]

1. e4 d6 2. d4 Nf6 3. Nc3 Nbd7 4. Be3 e5 5. Nge2 Be7 6. g3 O-O 7. Bg2 c6 8.
h3 Qc7 9. O-O b5 10. a3 Bb7 11. g4 Rfd8 12. Ng3 g6 13. Nce2 Nb6 14. b3 Rd7
15. f4 Rad8 16. f5 d5 17. dxe5 dxe4 18. Qe1 Qxe5 19. Qf2 Nfd5 20. Bd4 e3 21.
Qf3 Qc7 22. fxg6 {Black resigns} 1-0

[Event "ICC tourney 2905 (40 10)"]
[Site "Internet Chess Club"]
[Date "2022.05.07"]
[Round "1"]
[White "MCNAUGHTON, PARKER SCOTT:Parkermc"]
[Black "AKULA, MAHIT:Judtyr123"]
[Result "0-1"]
[ICCResult "White checkmated"]
[WhiteElo "1395"]
[BlackElo "1697"]
[Opening "KGA: Silberschmidt gambit"]
[ECO "C37"]
[NIC "KG.01"]
[Time "11:00:28"]
[PlyCount "42"]
[TimeControl "2400+10"]

1. e4 e5 2. f4 exf4 3. Nf3 g5 4. Bc4 g4 5. Ne5 Qh4+ 6. Kf1 Nh6 7. d4 f3 8.
Bxh6 Bxh6 9. gxf3 Qh3+ 10. Ke2 d6 11. Nxg4 Bxg4 12. fxg4 Qxg4+ 13. Kd3 Qh3+
14. Ke2 Qe3+ 15. Kf1 Rg8 16. Qe2 Qc1+ 17. Qe1 Qxc2 18. Rg1 Qxc4+ 19. Kf2
Qxd4+ 20. Ke2 Rxg1 21. Qh4 Qe3# {White checkmated} 0-1

[Event "ICC tourney 2905 (40 10)"]
[Site "Internet Chess Club"]
[Date "2022.05.07"]
[Round "1"]
[White "TANG, VINCENT:VincentT2008"]
[Black "SHANMUGAM, MEERA:K05-16606945"]
[Result "1-0"]
[ICCResult "Black checkmated"]
[WhiteElo "1690"]
[BlackElo "1353"]
[Opening "QGD: Charousek (Petrosian) variation"]
[ECO "D31"]
[NIC "QP.08"]
[Time "11:00:26"]
[PlyCount "99"]
[TimeControl "2400+10"]

1. d4 d5 2. c4 e6 3. Nc3 Be7 4. cxd5 exd5 5. Nf3 Nf6 6. Bg5 Bf5 7. e3 c6 8.
Bd3 Bg6 9. O-O Nbd7 10. Bxg6 fxg6 11. Qc2 O-O 12. Rab1 Qc7 13. b4 b5 14.
Nxb5 Qb6 15. Nc3 Rab8 16. a3 a5 17. Ne5 Rfd8 18. Nxd7 Rxd7 19. bxa5 Qa7 20.
Rxb8+ Qxb8 21. Rb1 Qc7 22. Bf4 Qxa5 23. a4 Bb4 24. Na2 Be7 25. Qxc6 Rd8 26.
Bc7 Qa8 27. Qe6+ Kf8 28. Bxd8 Qxd8 29. h3 Ne4 30. Rb7 Nd6 31. Rd7 Qe8 32.
Rxd6 Bxd6 33. Qxd6+ Qe7 34. Qxe7+ Kxe7 35. Nb4 Kd6 36. a5 g5 37. Kf1 h5 38.
a6 Kc7 39. Nxd5+ Kb8 40. g4 hxg4 41. hxg4 Ka7 42. Nb4 g6 43. f4 gxf4 44.
exf4 Kb6 45. f5 gxf5 46. gxf5 Ka7 47. f6 Kb6 48. f7 Ka7 49. f8=Q Kb6 50.
Qc5# {Black checkmated} 1-0

[Event "ICC tourney 2905 (40 10)"]
[Site "Internet Chess Club"]
[Date "2022.05.07"]
[Round "1"]
[White "CHANG, LEO:cwL"]
[Black "CAI, ALAN ZHUOCHENG:flying-ninja"]
[Result "1-0"]
[ICCResult "Black resigns"]
[WhiteElo "1740"]
[BlackElo "1416"]
[Opening "Sicilian: Scheveningen (Paulsen), classical variation"]
[ECO "B84"]
[NIC "SI.23"]
[Time "11:00:24"]
[PlyCount "85"]
[TimeControl "2400+10"]

1. e4 c5 2. Nf3 d6 3. d4 cxd4 4. Nxd4 Nf6 5. Nc3 a6 6. Be2 e6 7. Be3 Be7 8.
Qd2 O-O 9. O-O-O Nbd7 10. f3 Qc7 11. g4 b5 12. a3 Bb7 13. Kb1 Rac8 14. g5
Ne8 15. h4 Nb6 16. h5 Nc4 17. Bxc4 Qxc4 18. g6 Bf6 19. Rdg1 b4 20. axb4 Qxb4
21. f4 Rc4 22. Rd1 e5 23. fxe5 dxe5 24. Nf5 Bxe4 25. Nxe4 Rxe4 26. Qxb4 Rxb4
27. Bc5 Rb5 28. Bxf8 hxg6 29. hxg6 fxg6 30. Nd6 Kxf8 31. Nxb5 axb5 32. Rd5
e4 33. Rxb5 e3 34. Rb8 Kf7 35. Re1 Bg5 36. b4 Nf6 37. b5 Nd5 38. b6 e2 39.
b7 Bd2 40. Rxe2 Nc3+ 41. Kb2 Nxe2 42. Rf8+ Kxf8 43. b8=Q+ {Black resigns}
1-0

[Event "ICC tourney 2905 (40 10)"]
[Site "Internet Chess Club"]
[Date "2022.05.07"]
[Round "1"]
[White "INDUKURI, SUHAS VARMA:Suhas12"]
[Black "ARORA, ANIKA:Hermione117"]
[Result "1-0"]
[ICCResult "Black checkmated"]
[WhiteElo "1490"]
[BlackElo "1167"]
[Opening "Sicilian: accelerated fianchetto, Maróczy bind, 6.Be3"]
[ECO "B38"]
[NIC "SI.33"]
[Time "11:00:29"]
[PlyCount "115"]
[TimeControl "2400+10"]

1. e4 c5 2. Nf3 Nc6 3. d4 cxd4 4. Nxd4 g6 5. c4 Bg7 6. Be3 Nf6 7. Nc3 O-O 8.
f3 d6 9. Be2 Bd7 10. Qd2 Rc8 11. O-O a6 12. Rfd1 Re8 13. Nb3 Ne5 14. c5 Be6
15. cxd6 exd6 16. Qxd6 Qxd6 17. Rxd6 Nc4 18. Bxc4 Bxc4 19. Nc5 b5 20. Nxa6
Re6 21. Rxe6 fxe6 22. Nc5 Ne8 23. Rc1 Kf7 24. b3 b4 25. N3a4 Bb5 26. Nb6 Rc6
27. Nc4 Bc3 28. Rxc3 bxc3 29. Ne5+ Kf6 30. Nxc6 Bxc6 31. Bd4+ e5 32. Bxc3
Bb5 33. Kf2 Nd6 34. a4 Bc6 35. Nd3 Nf7 36. Ke3 g5 37. g3 Ke6 38. Nc5+ Ke7
39. b4 Kd6 40. Kd3 Nd8 41. Kc4 Nb7 42. Nxb7+ Bxb7 43. b5 h6 44. a5 h5 45. a6
Bxa6 46. bxa6 Kc6 47. Bxe5 Kb6 48. Bf6 g4 49. f4 Kxa6 50. e5 Kb6 51. f5 Kc7
52. Kd5 Kd7 53. Bg7 Ke7 54. f6+ Kf7 55. e6+ Ke8 56. Kd6 h4 57. f7+ Kd8 58.
f8=Q# {Black checkmated} 1-0

[Event "ICC tourney 2905 (40 10)"]
[Site "Internet Chess Club"]
[Date "2022.05.07"]
[Round "1"]
[White "NARAYANAN, KRISHNA:mkrish13"]
[Black "GEVORGYAN, DAVIT:Davo29"]
[Result "0-1"]
[ICCResult "White checkmated"]
[WhiteElo "1319"]
[BlackElo "1676"]
[Opening "Caro-Kann: exchange variation"]
[ECO "B13"]
[NIC "CK.02"]
[Time "11:01:40"]
[PlyCount "98"]
[TimeControl "2400+10"]

1. e4 c6 2. d4 d5 3. exd5 cxd5 4. Nc3 Nc6 5. Nf3 Nf6 6. Bb5 Bg4 7. h3 Bh5 8.
Bg5 e6 9. g4 Bg6 10. Ne5 Qc7 11. Qe2 Nd7 12. Bxc6 bxc6 13. Nxd7 Qxd7 14. f4
Be7 15. Bxe7 Qxe7 16. h4 h5 17. g5 Bf5 18. Qe5 O-O 19. Qe2 Rab8 20. b3 c5
21. Nxd5 Qd6 22. Ne3 Qxd4 23. Rd1 Qb4+ 24. Rd2 Rbd8 25. Nxf5 Rxd2 26. Ne7+
Kh8 27. Qxd2 Qe4+ 28. Qe2 Qxh1+ 29. Qf1 Qb7 30. Qe2 Qxe7 31. Qxh5+ Kg8 32.
g6 fxg6 33. Qxg6 Qxh4+ 34. Ke2 Qxf4 35. Qxe6+ Qf7 36. Qc6 Qe8+ 37. Qxe8
Rxe8+ 38. Kd3 g5 39. Kc4 g4 40. Kxc5 g3 41. b4 g2 42. Kc6 g1=Q 43. b5 Qb6+
44. Kd5 Qe6+ 45. Kd4 Rd8+ 46. Kc5 Qd5+ 47. Kb4 Qd4+ 48. c4 Qb2+ 49. Ka5 Qa3#
{White checkmated}
0-1

[Event "ICC tourney 2905 (40 10)"]
[Site "Internet Chess Club"]
[Date "2022.05.07"]
[Round "1"]
[White "KHAIS, STEVEN:methodX17"]
[Black "SCHROMBECK, JON A:Gm374"]
[Result "0-1"]
[ICCResult "White resigns"]
[WhiteElo "1418"]
[BlackElo "1530"]
[Opening "QGD: Marshall defense"]
[ECO "A50"]
[NIC "EO.64"]
[Time "11:11:45"]
[PlyCount "80"]
[TimeControl "2400+10"]

1. c4 Nf6 2. d4 d5 3. e3 Bf5 4. Nc3 e6 5. c5 c6 6. Nf3 Be7 7. Be2 O-O 8. O-O
b6 9. b4 Nbd7 10. Nh4 Bg6 11. Nxg6 hxg6 12. f3 a5 13. bxa5 bxc5 14. Bd2 cxd4
15. exd4 e5 16. dxe5 Nxe5 17. Kh1 Bb4 18. a6 Qd6 19. Rc1 d4 20. Ne4 Nxe4 21.
fxe4 Bxd2 22. Qxd2 d3 23. Bf3 Rxa6 24. Rf2 Rfa8 25. h4 c5 26. Qc3 c4 27. a4
Rxa4 28. Bd1 Ra3 29. Qd2 Rc8 30. Rc3 Rxc3 31. Qxc3 Rb8 32. Rb2 Rxb2 33. Qxb2
Qc7 34. Qc3 f5 35. exf5 gxf5 36. Kg1 Qc5+ 37. Kh1 Nc6 38. Kh2 Qd4 39. Qxd4
Nxd4 40. Kg3 c3 {White resigns} 0-1

[Event "ICC tourney 2905 (40 10)"]
[Site "Internet Chess Club"]
[Date "2022.05.07"]
[Round "1"]
[White "WENG, JOHNSON:K01-30136161"]
[Black "WANG, JACOB S:JACOBCHESS857"]
[Result "0-1"]
[ICCResult "White checkmated"]
[WhiteElo "1117"]
[BlackElo "1479"]
[Opening "Giuoco Piano"]
[ECO "C54"]
[NIC "IG.02"]
[Time "11:00:27"]
[PlyCount "108"]
[TimeControl "2400+10"]

1. e4 e5 2. Nf3 Nc6 3. Bc4 Bc5 4. c3 Nf6 5. d3 O-O 6. b4 Bb6 7. a4 a6 8. a5
Ba7 9. O-O d6 10. h3 Be6 11. Nbd2 Re8 12. Qb3 d5 13. exd5 Nxd5 14. Ne4 h6
15. Bb2 Qd7 16. Rad1 b5 17. axb6 cxb6 18. Bxd5 Bxd5 19. c4 Be6 20. Kh2 f6
21. Bc3 Rad8 22. Qc2 Qc7 23. Kh1 Rd7 24. Rd2 Red8 25. Rfd1 Ne7 26. Qa2 Qb7
27. Qc2 Qc6 28. Qa2 Qb7 29. Qc2 Rc8 30. Kg1 Bf5 31. Qb3 Kh7 32. Qc2 Bxe4 33.
dxe4 Rdc7 34. Rd3 Rxc4 35. Nd2 R4c6 36. Qb3 b5 37. Nf3 R6c7 38. Re3 Bxe3 39.
fxe3 Rxc3 40. Qe6 R3c6 41. Rd7 Rxe6 42. Rxb7 Ng6 43. Ra7 Rec6 44. Kh2 Rc4
45. Rxa6 Rxe4 46. Rb6 Rxb4 47. Kg3 Rb1 48. Nh4 Nxh4 49. Kxh4 b4 50. e4 b3
51. g4 b2 52. Kh5 Rc3 53. Kh4 g5+ 54. Kh5 Rxh3# {White checkmated} 0-1

[Event "ICC tourney 2905 (40 10)"]
[Site "Internet Chess Club"]
[Date "2022.05.07"]
[Round "1"]
[White "WU, WINSTON:K01-30022609"]
[Black "RAMESH, RAHUL:rockinroll"]
[Result "0-1"]
[ICCResult "White resigns"]
[WhiteElo "1405"]
[BlackElo "1713"]
[Opening "French: advance, Paulsen attack"]
[ECO "C02"]
[NIC "FR.03"]
[Time "11:00:31"]
[PlyCount "114"]
[TimeControl "2400+10"]

1. e4 e6 2. d4 d5 3. e5 c5 4. c3 Nc6 5. Nf3 Qb6 6. Be2 Bd7 7. O-O cxd4 8.
cxd4 Nge7 9. Na3 Nf5 10. Nc2 Be7 11. h3 O-O 12. Bd3 Rac8 13. Bxf5 exf5 14.
Ne3 Be6 15. a3 Na5 16. b4 Nc4 17. Nxc4 Rxc4 18. Be3 a5 19. bxa5 Qxa5 20. Qb3
b5 21. Bd2 Qa4 22. Qxa4 Rxa4 23. Rab1 Bd7 24. Bb4 Bxb4 25. axb4 Rc8 26. Nd2
Rc2 27. Nb3 Rxb4 28. Nc5 Rxb1 29. Rxb1 Bc6 30. Ra1 b4 31. Ra6 Be8 32. Ra8
Kf8 33. Rb8 Rc4 34. e6 Rxd4 35. Rb7 f6 36. Nd7+ Ke7 37. Nc5+ Kd6 38. Nb3
Rd1+ 39. Kh2 Kxe6 40. Rxb4 Kd6 41. Rb7 Rb1 42. Rb6+ Kc7 43. Rb4 Bc6 44. Kg3
g5 45. f3 Rb2 46. Kh2 d4 47. Kh1 d3 48. Rd4 Rxb3 49. Kh2 Kb6 50. Kg3 Kc5 51.
Rd8 Bd5 52. Rc8+ Kd4 53. Rc1 d2 54. Rd1 Kd3 55. Kf2 Kc2 56. Ke2 Bc4+ 57. Kf2
Kxd1 {White resigns} 0-1

[Event "ICC tourney 2905 (40 10)"]
[Site "Internet Chess Club"]
[Date "2022.05.07"]
[Round "1"]
[White "RAMKUMAR, NIKHIL:nikhilramkumar"]
[Black "SKARIAH, ANUSHKA ELIZABETH:kskariah"]
[Result "0-1"]
[ICCResult "White checkmated"]
[WhiteElo "1185"]
[BlackElo "1528"]
[Opening "French: Paulsen variation"]
[ECO "C10"]
[NIC "FR.04"]
[Time "11:05:03"]
[PlyCount "60"]
[TimeControl "2400+10"]

1. e4 e6 2. Nc3 d5 3. d4 c6 4. Nf3 Bb4 5. exd5 exd5 6. Bd2 Nf6 7. Bd3 O-O 8.
O-O Bg4 9. h3 Bh5 10. Be2 Re8 11. Ne5 Bxe2 12. Nxe2 Bd6 13. f4 Ne4 14. Nc3
Nxc3 15. Bxc3 Nd7 16. Re1 Nf6 17. Qf3 Ne4 18. Rad1 Qc7 19. Rd3 f6 20. Ng4
Bxf4 21. Rf1 Ng3 22. Re1 Re4 23. Nf2 Rxe1+ 24. Bxe1 Re8 25. Bc3 Ne2+ 26. Kf1
Qe7 27. Be1 Ng3+ 28. Kg1 Qxe1+ 29. Kh2 Nf1+ 30. Kg1 Nh2# {White checkmated}
0-1

[Event "ICC tourney 2905 (40 10)"]
[Site "Internet Chess Club"]
[Date "2022.05.07"]
[Round "1"]
[White "HANKE, HARVEY:ThinkingPanda"]
[Black "ANGELCHIK, JACOB:t105mm"]
[Result "1-0"]
[ICCResult "Black checkmated"]
[WhiteElo "1618"]
[BlackElo "1274"]
[Opening "Pirc: Ufimtsev-Pytel variation"]
[ECO "B07"]
[NIC "PU.08"]
[Time "11:00:26"]
[PlyCount "119"]
[TimeControl "2400+10"]

1. e4 d6 2. d4 Nf6 3. Nc3 c6 4. f4 g6 5. Nf3 Bg7 6. Bd3 Nbd7 7. e5 dxe5 8.
fxe5 Nd5 9. Ne4 O-O 10. O-O Qb6 11. Kh1 f6 12. e6 Nb8 13. Nc5 Na6 14. Bxa6
bxa6 15. c3 Rd8 16. Qe1 Rd6 17. Nd2 Qc7 18. Nde4 Rd8 19. c4 f5 20. cxd5 fxe4
21. Bd2 Rxd5 22. Nxe4 Bxe6 23. Nc3 Rd6 24. Bf4 Rad8 25. Ne4 Re8 26. Nc5 Qc8
27. Bxd6 exd6 28. Nxe6 Rxe6 29. Qc3 c5 30. Rad1 Qe8 31. Qc4 Bxd4 32. Rde1
Be5 33. Rxe5 dxe5 34. Rf6 Kg7 35. Qxe6 Qd8 36. Qf7+ Kh6 37. Qf8+ Qxf8 38.
Rxf8 Kg5 39. Kg1 e4 40. Kf2 a5 41. Ke3 a4 42. Kxe4 a3 43. b3 a5 44. Kd5 a4
45. bxa4 c4 46. Kxc4 h5 47. a5 h4 48. a6 h3 49. gxh3 Kh4 50. a7 g5 51. a8=Q
g4 52. Rh8+ Kg5 53. Qg8+ Kf4 54. Qxg4+ Ke5 55. Re8+ Kf6 56. h4 Kf7 57. Qe4
Kg7 58. Qe6 Kh7 59. Re7+ Kh8 60. Qc8# {Black checkmated} 1-0

[Event "ICC tourney 2905 (40 10)"]
[Site "Internet Chess Club"]
[Date "2022.05.07"]
[Round "1"]
[White "Feng, Jay:TheDeadlyPawn"]
[Black "QIAO, RICHARDSON JINGSI:Richardsonqiao"]
[Result "1-0"]
[ICCResult "Black checkmated"]
[WhiteElo "1530"]
[BlackElo "1215"]
[Opening "Queen's pawn: London system"]
[ECO "A45"]
[NIC "QP.07"]
[Time "11:00:58"]
[PlyCount "127"]
[TimeControl "2400+10"]

1. d4 Nf6 2. Bf4 c5 3. e3 Qb6 4. Nc3 cxd4 5. Qxd4 Qxd4 6. exd4 a6 7. Bc4 e6
8. Nf3 d5 9. Bd3 Nc6 10. Na4 Bd7 11. Nb6 Ra7 12. c3 Be7 13. Ne5 Nxe5 14.
Bxe5 Bd8 15. Nxd7 Kxd7 16. O-O Bc7 17. Bxc7 Kxc7 18. Rac1 b5 19. b3 Kb6 20.
c4 Rc8 21. cxd5 Rxc1 22. Rxc1 Nxd5 23. Be4 f5 24. Bxd5 exd5 25. Rc5 Rc7 26.
b4 Rxc5 27. dxc5+ Kc6 28. Kf1 g5 29. Ke2 d4 30. Kd3 Kd5 31. f3 g4 32. f4 h6
33. c6 Kxc6 34. Kxd4 Kd6 35. g3 h5 36. a3 Kc6 37. Ke5 Kb6 38. Kxf5 a5 39.
Ke6 axb4 40. axb4 Kc7 41. Ke7 Kc6 42. f5 Kd5 43. f6 Kc4 44. f7 Kxb4 45. f8=Q
Kc3 46. Qf1 b4 47. Qb1 b3 48. Kf6 Kd2 49. Qf1 b2 50. Kg5 Kc2 51. Kxh5 b1=Q
52. Qxb1+ Kxb1 53. Kxg4 Kc2 54. h4 Kd3 55. h5 Ke4 56. h6 Ke5 57. h7 Kf6 58.
h8=Q+ Kg6 59. Qf8 Kh7 60. Qf5+ Kh6 61. Qg5+ Kh7 62. Kf5 Kh8 63. Kf6 Kh7 64.
Qg7# {Black checkmated} 1-0

[Event "ICC tourney 2905 (40 10)"]
[Site "Internet Chess Club"]
[Date "2022.05.07"]
[Round "1"]
[White "Rowe, Christopher:destroyallpugs"]
[Black "MOSS, MARVIN:mmoss2932"]
[Result "0-1"]
[ICCResult "White resigns"]
[WhiteElo "1412"]
[BlackElo "1458"]
[Opening "QGD semi-Slav"]
[ECO "D43"]
[NIC "QO.16"]
[Time "11:00:29"]
[PlyCount "72"]
[TimeControl "2400+10"]

1. d4 d5 2. c4 e6 3. Nc3 Nf6 4. Nf3 c6 5. Bg5 Be7 6. e3 O-O 7. Be2 Nbd7 8.
O-O dxc4 9. Bxc4 Nd5 10. Bxe7 Qxe7 11. e4 Nxc3 12. bxc3 Nf6 13. Re1 Rd8 14.
Qd3 b5 15. Bb3 Bb7 16. Ne5 a6 17. Qh3 c5 18. dxc5 Bxe4 19. c6 Rac8 20. Re3
Bxc6 21. Rae1 Be8 22. Rg3 Qf8 23. Bc2 g6 24. Qh4 Qg7 25. h3 Rd2 26. Bb3 a5
27. a4 bxa4 28. Bxa4 Bxa4 29. Qxa4 Rd5 30. c4 Rdc5 31. Rb3 Ne8 32. Nd7 Rxc4
33. Qxa5 Rc2 34. Rb7 Qd4 35. Rf1 Nd6 36. Qg5 Nxb7 {White resigns} 0-1

[Event "ICC tourney 2905 (40 10)"]
[Site "Internet Chess Club"]
[Date "2022.05.07"]
[Round "1"]
[White "BRUDNO, STEPHEN:StevChess01"]
[Black "Oregel, Rowen:RowenOregel"]
[Result "1-0"]
[ICCResult "Black forfeits on time"]
[WhiteElo "1468"]
[BlackElo "1112"]
[Opening "Nimzo-Indian: Kmoch variation"]
[ECO "E20"]
[NIC "NI.30"]
[Time "11:00:30"]
[PlyCount "139"]
[TimeControl "2400+10"]

1. d4 Nf6 2. c4 e6 3. Nc3 Bb4 4. f3 d5 5. Qa4+ Nc6 6. e3 O-O 7. a3 Bxc3+ 8.
bxc3 Bd7 9. Qd1 Re8 10. cxd5 exd5 11. Bd3 Nh5 12. Ne2 Qg5 13. Kf2 Qh4+ 14.
g3 Qf6 15. Kg2 Qd6 16. Rf1 Qe6 17. Ng1 Ne7 18. e4 dxe4 19. fxe4 Nf6 20. d5
Qe5 21. Qc2 c6 22. Bf4 Qh5 23. d6 Ng6 24. h3 Nxf4+ 25. Rxf4 Qe5 26. Nf3 Qxd6
27. e5 Rxe5 28. Nxe5 Qxe5 29. Raf1 Nh5 30. Bxh7+ Kh8 31. R4f3 c5 32. Qe4 Qd6
33. Kh2 Bc6 34. Qd3 Qh6 35. Be4 Bxe4 36. Qxe4 Nf6 37. Qf4 Qg6 38. Qf5 Qh6
39. Rf4 Kg8 40. R1f2 b6 41. Qd3 Re8 42. Re2 Rxe2+ 43. Qxe2 Nh5 44. Rf2 Qg5
45. Qf3 Nf6 46. Qf4 Qxf4 47. Rxf4 Nd5 48. Rf3 Kf8 49. Kg2 Ke7 50. c4 Nc7 51.
Kf2 Ne6 52. Ke1 Nd4 53. Re3+ Kd7 54. Kd2 Nf5 55. Rf3 Ke6 56. Kd3 Nd4 57.
Re3+ Kf6 58. g4 g6 59. Re8 Kg5 60. Ke4 Kh4 61. Rh8+ Kg5 62. a4 Ne6 63. Rh7
Kf6 64. h4 Nf8 65. g5+ Ke6 66. Rh8 Nd7 67. Ra8 a5 68. Ra7 Ne5 69. Rb7 Nxc4
70. Kf4 {Black forfeits on time} 1-0

[Event "ICC tourney 2905 (40 10)"]
[Site "Internet Chess Club"]
[Date "2022.05.07"]
[Round "2"]
[White "SCHROMBECK, JON A:Gm374"]
[Black "CHANG, LEO:cwL"]
[Result "0-1"]
[ICCResult "White resigns"]
[WhiteElo "1530"]
[BlackElo "1740"]
[Opening "King's Indian, 3.Nf3"]
[ECO "E60"]
[NIC "KI.80"]
[Time "13:16:21"]
[PlyCount "72"]
[TimeControl "2400+10"]

1. d4 Nf6 2. c4 g6 3. Nf3 Bg7 4. Bf4 d5 5. e3 O-O 6. Nbd2 c6 7. Bd3 Nbd7 8.
Ne5 Nxe5 9. dxe5 Nd7 10. cxd5 cxd5 11. Nf3 Nc5 12. b4 Nxd3+ 13. Qxd3 Bf5 14.
Qd2 Be4 15. O-O Bxf3 16. gxf3 e6 17. Rac1 Rc8 18. Rxc8 Qxc8 19. Qd4 b6 20.
e4 Rd8 21. Rd1 Qb7 22. Bg3 Qa6 23. Rd2 Bf8 24. Bh4 Rd7 25. f4 Qb5 26. a3 a5
27. Bf6 axb4 28. axb4 Qxb4 29. Qxb4 Bxb4 30. exd5 Bxd2 31. dxe6 fxe6 32. Bg5
b5 33. h4 b4 34. f5 Bxg5 35. fxe6 Re7 36. hxg5 b3 {White resigns} 0-1

[Event "ICC tourney 2905 (40 10)"]
[Site "Internet Chess Club"]
[Date "2022.05.07"]
[Round "2"]
[White "SHANMUGAM, MEERA:K05-16606945"]
[Black "WENG, JOHNSON:K01-30136161"]
[Result "0-1"]
[ICCResult "White checkmated"]
[WhiteElo "1353"]
[BlackElo "1117"]
[Opening "Owen defense"]
[ECO "B00"]
[NIC "VO.01"]
[Time "13:15:42"]
[PlyCount "104"]
[TimeControl "2400+10"]

1. e4 b6 2. d4 Bb7 3. Nc3 e6 4. Nf3 Bb4 5. Bd3 h6 6. Bd2 Bxc3 7. Bxc3 Nf6 8.
Qe2 d5 9. Nd2 dxe4 10. Nxe4 Nd5 11. Bd2 Nc6 12. c3 Qe7 13. O-O O-O-O 14. b4
f5 15. Ng3 g5 16. c4 Nxd4 17. Qe5 Nc6 18. Nxf5 Nxe5 19. Nxe7+ Nxe7 20. Be2
Rxd2 21. Rfe1 Rhd8 22. h3 Nf5 23. a4 Nd3 24. Bxd3 R8xd3 25. Rxe6 Rd1+ 26.
Rxd1 Rxd1+ 27. Kh2 Kd7 28. Rf6 Nh4 29. Rxh6 Bxg2 30. Rh7+ Kc6 31. Rh6+ Rd6
32. Rxd6+ cxd6 33. Kg3 Be4 34. Kg4 d5 35. cxd5+ Kxd5 36. Kxg5 Ng2 37. f4
Nxf4 38. Kxf4 Bb1 39. Ke3 Kc4 40. Kd2 Kxb4 41. Kc1 Bh7 42. Kb2 Kxa4 43. h4
Kb4 44. h5 a5 45. h6 a4 46. Ka1 Kc3 47. Ka2 b5 48. Ka1 b4 49. Ka2 b3+ 50.
Ka1 b2+ 51. Ka2 b1=Q+ 52. Ka3 Qb3# {White checkmated} 0-1

[Event "ICC tourney 2905 (40 10)"]
[Site "Internet Chess Club"]
[Date "2022.05.07"]
[Round "2"]
[White "ARORA, ANIKA:Hermione117"]
[Black "MCNAUGHTON, PARKER SCOTT:Parkermc"]
[Result "0-1"]
[ICCResult "White checkmated"]
[WhiteElo "1167"]
[BlackElo "1395"]
[Opening "Old Indian defense"]
[ECO "A53"]
[NIC "QP.07"]
[Time "13:15:32"]
[PlyCount "62"]
[TimeControl "2400+10"]

1. d4 Nf6 2. c4 d6 3. Nf3 g6 4. Bf4 Bg7 5. Nc3 Nh5 6. Bg3 Nxg3 7. hxg3 c5 8.
e3 Bd7 9. Be2 Qb6 10. Rb1 cxd4 11. exd4 Nc6 12. d5 Ne5 13. Nxe5 Bxe5 14. Bd3
O-O 15. Qe2 Rac8 16. Nd1 Qd4 17. Ne3 f5 18. Nc2 Qb6 19. f4 Bg7 20. g4 fxg4
21. Qxg4 Bxg4 22. Rh4 Qa5+ 23. b4 Qxa2 24. Ne3 Bc3+ 25. Kf1 Rxf4+ 26. Kg1
Qf2+ 27. Kh2 Qxh4+ 28. Kg1 Bd4 29. g3 Qxg3+ 30. Kh1 Bf3+ 31. Ng2 Rh4#
{White checkmated}
0-1

[Event "ICC tourney 2905 (40 10)"]
[Site "Internet Chess Club"]
[Date "2022.05.07"]
[Round "2"]
[White "GEVORGYAN, DAVIT:Davo29"]
[Black "BRUDNO, STEPHEN:StevChess01"]
[Result "1-0"]
[ICCResult "Black resigns"]
[WhiteElo "1676"]
[BlackElo "1468"]
[Opening "Sicilian: O'Kelly variation"]
[ECO "B28"]
[NIC "SI.43"]
[Time "13:15:30"]
[PlyCount "73"]
[TimeControl "2400+10"]

1. e4 c5 2. Nf3 a6 3. c3 d5 4. exd5 Qxd5 5. d4 e6 6. Be3 cxd4 7. cxd4 Nc6 8.
Nc3 Qd6 9. Bc4 Nf6 10. O-O Be7 11. d5 exd5 12. Nxd5 Nxd5 13. Qxd5 Qxd5 14.
Bxd5 O-O 15. Bxc6 bxc6 16. Rac1 Be6 17. a3 Bd5 18. Bc5 Bxc5 19. Rxc5 Rab8
20. b4 Bxf3 21. gxf3 Rfc8 22. Rfc1 Rb6 23. Rd1 g6 24. Rd7 Rb5 25. Ra7 Rb6
26. Kg2 Rd8 27. Ra5 c5 28. bxc5 Rb2 29. c6 Rdd2 30. c7 Rxf2+ 31. Kg3 Rg2+
32. Kf4 Rbc2 33. Ra8+ Kg7 34. c8=Q g5+ 35. Rxg5+ Rxg5 36. Qf8+ Kg6 37. Rxa6+
{Black resigns}
1-0

[Event "ICC tourney 2905 (40 10)"]
[Site "Internet Chess Club"]
[Date "2022.05.07"]
[Round "2"]
[White "AKULA, MAHIT:Judtyr123"]
[Black "INDUKURI, SUHAS VARMA:Suhas12"]
[Result "1-0"]
[ICCResult "Black checkmated"]
[WhiteElo "1697"]
[BlackElo "1490"]
[Opening "Sicilian: Smith-Morra gambit"]
[ECO "B21"]
[NIC "SI.48"]
[Time "13:15:27"]
[PlyCount "51"]
[TimeControl "2400+10"]

1. e4 c5 2. d4 cxd4 3. c3 dxc3 4. Nxc3 Nc6 5. Bc4 e6 6. Nf3 a6 7. O-O Qc7 8.
Qe2 Bc5 9. Rd1 Nge7 10. e5 Ng6 11. Ne4 Ncxe5 12. Nxe5 Qxe5 13. Nxc5 Qxc5 14.
Be3 Qe7 15. Rac1 O-O 16. Bb3 Re8 17. Rc7 h6 18. Bc5 Qf6 19. Bd6 Ne7 20. Be5
Qg6 21. Bc2 f5 22. Rd3 Qf7 23. Rg3 g6 24. Qh5 Kh7 25. Qxh6+ Kg8 26. Qh8#
{Black checkmated}
1-0

[Event "ICC tourney 2905 (40 10)"]
[Site "Internet Chess Club"]
[Date "2022.05.07"]
[Round "2"]
[White "CAI, ALAN ZHUOCHENG:flying-ninja"]
[Black "Le, Benny:Benranger2011"]
[Result "1-0"]
[ICCResult "Black checkmated"]
[WhiteElo "1416"]
[BlackElo "1225"]
[Opening "Caro-Kann: Panov-Botvinnik attack"]
[ECO "B13"]
[NIC "CK.02"]
[Time "13:15:26"]
[PlyCount "55"]
[TimeControl "2400+10"]

1. e4 c6 2. d4 d5 3. exd5 cxd5 4. c4 Nc6 5. Be3 Bf5 6. Nc3 Nf6 7. Qb3 Na5 8.
Qb5+ Bd7 9. Qb4 e5 10. c5 Nc6 11. Qa4 Nxd4 12. Qd1 Bxc5 13. Bxd4 Bxd4 14.
Nf3 Bxc3+ 15. bxc3 Bg4 16. Bb5+ Bd7 17. Bxd7+ Qxd7 18. Nxe5 Qe6 19. O-O Qxe5
20. Re1 Ne4 21. f3 O-O 22. fxe4 dxe4 23. Qb1 Qxc3 24. Qxb7 e3 25. Qf3 Rfe8
26. Rf1 Re7 27. Qxa8+ Re8 28. Qxe8# {Black checkmated} 1-0

[Event "ICC tourney 2905 (40 10)"]
[Site "Internet Chess Club"]
[Date "2022.05.07"]
[Round "2"]
[White "NARAYANAN, KRISHNA:mkrish13"]
[Black "KHAIS, STEVEN:methodX17"]
[Result "1-0"]
[ICCResult "Black resigns"]
[WhiteElo "1319"]
[BlackElo "1418"]
[Opening "Sicilian: Alapin's variation (2.c3)"]
[ECO "B22"]
[NIC "SI.46"]
[Time "13:15:30"]
[PlyCount "97"]
[TimeControl "2400+10"]

1. e4 c5 2. c3 g6 3. Nf3 Bg7 4. Be2 Nc6 5. O-O d6 6. h3 Nf6 7. d3 O-O 8. Bg5
h6 9. Bh4 Nd7 10. d4 cxd4 11. cxd4 Bf6 12. Bxf6 Nxf6 13. d5 Ne5 14. Nxe5
dxe5 15. Nc3 Qb6 16. Qb3 Qxb3 17. axb3 Bd7 18. Ra3 a6 19. Rfa1 Rab8 20. Rc1
Rfc8 21. f3 Nh5 22. Kf2 Nf4 23. Raa1 Nxe2 24. Nxe2 Rxc1 25. Rxc1 Rc8 26.
Rxc8+ Bxc8 27. Nc3 Bd7 28. Ke2 Kg7 29. Kd3 f5 30. Kc4 Kf6 31. Kc5 b5 32. Kb6
b4 33. Na2 fxe4 34. fxe4 Kg5 35. Kc7 Bb5 36. g3 a5 37. Kb6 Bd3 38. Kxa5 Bxe4
39. Kxb4 Bg2 40. Kc5 Bxh3 41. b4 Bc8 42. b5 Kg4 43. Kc6 e4 44. Kc7 e3 45.
Nc3 Bf5 46. b6 Be4 47. b7 Bxd5 48. b8=Q e2 49. Nxe2 {Black resigns} 1-0